[Event "Gibraltar ChallWk2 13th"]
[Site "Gibraltar"]
[Date "2015.02.04"]
[Round "5.17"]
[White "Boyer Censore, Giuseppe Enmanu"]
[Black "Byrn, Carsten"]
[Result "1-0"]
[ECO "B87"]
[WhiteElo "1960"]
[BlackElo "2044"]
[PlyCount "85"]
[EventDate "2015.01.31"]
[EventType "swiss"]
[EventRounds "5"]
[EventCountry "GGB"]
[SourceTitle "BritBase"]
[Source "www.saund.co.uk"]
[SourceDate "2018.02.10"]
[SourceVersion "1"]
[SourceVersionDate "2018.02.10"]
[SourceQuality "1"]
[TimeControl "7200+1730"]
[WhiteClock "0:13:32"]
[BlackClock "0:43:48"]

1. e4 c5 2. Nf3 d6 3. d4 cxd4 4. Nxd4 Nf6 5. Nc3 a6 6. Bc4 e6 7. Bb3 b5 8. O-O
Be7 9. Qf3 Qb6 10. Be3 Qb7 11. Qg3 O-O 12. Bh6 Ne8 13. Rad1 Bd7 14. f3 Nc6 15.
Nxc6 Bxc6 16. Bg5 a5 17. Bxe7 Qxe7 18. a3 a4 19. Ba2 Qb7 20. e5 b4 21. axb4
Qxb4 22. exd6 Qxb2 23. Qe5 Nf6 24. Rf2 Bd7 25. Rb1 Qa3 26. Bc4 Rfc8 27. Nb5 Qc5
28. Qxc5 Rxc5 29. Nc7 Rd8 30. Ba2 Ne8 31. Nxe8 Rxe8 32. Rb7 Rd8 33. Rd2 Kf8 34.
Rc7 Rc6 35. Bc4 Rb6 36. Kf2 Ke8 37. Ra7 Rc8 38. Ba6 Rcb8 39. c4 Rb2 40. Rxb2
Rxb2+ 41. Ke3 Rb8 42. Bb7 f6 43. c5 1-0